 Dungeon Crawl Stone Soup version 0.20.1-1-g8b1a95d (webtiles) character file.

3429 Gremour the Conjurer (level 10, -6/59 HPs)
             Began as a Tengu Conjurer on Sept 12, 2017.
             Was an Initiate of Dithmenos.
             Mangled by Targos's ghost (12 damage)
             ... on level 9 of the Dungeon.
             The game lasted 01:24:14 (8340 turns).

Gremour the Conjurer (Tengu Conjurer)               Turns: 8340, Time: 01:24:14

Health: -6/59      AC: 15    Str: 10    XL:     10   Next: 5%
Magic:  16/16      EV: 14    Int: 15    God:    Dithmenos [......]
Gold:   558        SH:  4    Dex: 20    Spells: 8/16 levels left

rFire    + . .     SeeInvis .   a - +4 rapier (holy)
rCold    . . .     Gourm    +   (no shield)
rNeg     . . .     Faith    .   t - +1 ring mail of Egalitarianism {*Drain MR+ Str+3 Dex+2}
rPois    .         Spirit   .   (helmet restricted)
rElec    .         Reflect  .   v - +0 cloak
rCorr    .         Harm     .   E - +2 pair of gloves
MR       +....                  (boots unavailable)
Stlth    ++++......             j - amulet of the gourmand
Regen    0.2/turn               z - ring of stealth
MPRegen  0.2/turn               A - ring of protection from fire

@: no status effects
A: beak, talons 3, iridescent scales 1, large bone plates 1, rugged brown scales
1, weak 1, able to fly 1
a: Fly, Renounce Religion


You were on level 9 of the Dungeon.
You worshipped Dithmenos.
Dithmenos was noncommittal.
You were not hungry.

You visited 2 branches of the dungeon, and saw 10 of its levels.

You collected 558 gold pieces.

Inventory:

Hand Weapons
 a - a +4 rapier of holy wrath (weapon)
 b - a +2 flail of protection
 d - a +2 dagger of draining
 f - the +5 mace of Qeissuic {holy, rElec}
   (You found it on level 8 of the Dungeon)

   It has been blessed by the Shining One to cause great damage to the undead
   and demons.
   It insulates you from electricity.
 l - a +0 falchion
 q - a +0 whip of flaming
Armour
 t - the +1 ring mail of Egalitarianism (worn) {*Drain MR+ Str+3 Dex+2}
   (You found it on level 4 of the Dungeon)

   It affects your strength (+3).
   It affects your dexterity (+2).
   It affects your resistance to hostile enchantments.
   It causes draining when unequipped.
 v - a +0 cloak (worn)
 C - a +2 ring mail of poison resistance
 E - a +2 pair of gloves (worn)
Magical Staves
 w - an uncursed staff of conjuration
Jewellery
 j - an amulet of the gourmand (around neck)
 z - a ring of stealth (left hand)
 A - a ring of protection from fire (right hand)
Wands
 g - a wand of lightning (4/15)
 i - a wand of flame (23/48)
 m - a wand of confusion (27/48)
Scrolls
 e - a scroll of magic mapping
 k - 5 scrolls of identify
Potions
 h - 2 potions of cancellation
Books
 x - a book of Conjurations

   Spells                             Type                      Level
   a - Magic Dart                     Conjuration                  1
   b - Searing Ray                    Conjuration                  2
   c - Dazzling Spray                 Conjuration/Hexes            3
   d - Fulminant Prism                Conjuration/Hexes            4
   e - Force Lance                    Conjuration/Translocation    4
   f - Iskenderun's Mystic Blast      Conjuration                  4
Comestibles
 c - 4 bread rations
 s - 7 royal jellies


   Skills:
 + Level 4.6 Fighting
 * Level 6.3 Short Blades
 + Level 1.3 Maces & Flails
 * Level 6.4 Armour
 * Level 6.2 Dodging
 + Level 5.9 Stealth
 * Level 2.0 Unarmed Combat
 + Level 3.8 Spellcasting
 + Level 7.4 Conjurations
 + Level 2.2 Invocations


You had 8 spell levels left.
You knew the following spells:

 Your Spells              Type           Power        Failure   Level  Hunger
a - Magic Dart            Conj           ####         1%          1    None
b - Iskenderun's Mystic   Conj           ####....     21%         4    ####...
s - Dazzling Spray        Conj/Hex       ##....       26%         3    ###....


Dungeon Overview and Level Annotations

Branches:
Dungeon (9/15)             Temple (1/1) D:4
   Lair: D:8-11         Orc: D:9-12

Altars:
Ashenzari
Cheibriados
Dithmenos
Elyvilon
Fedhas
Gozag
Hepliaklqana
Kikubaaqudgha
Makhleb
Nemelex Xobeh
Okawaru
Qazlal
Ru
Sif Muna
Trog
Uskayaw
Vehumet
Xom
Yredelemnul

Annotations:
D:9 Targos's ghost, novice HuAK


Innate Abilities, Weirdness & Mutations

You have a beak for a mouth.
You have claws for feet.
You can fly.
You are partially covered in iridescent scales. (AC +2)
You are partially covered in large bone plates. (SH +4)
You are partially covered in rugged brown scales. (AC +1, +3% HP)
You are weak. (Str -2)


Message History

Aiming: Lightning Bolt
Press: ? - help, Shift-Dir - straight line, f/p - Targos's ghost
Aim: Targos's ghost (heavily damaged)
You hear a mighty clap of thunder!
The bolt of lightning hits Targos's ghost.
Targos's ghost is severely damaged.
This wand has 4 charges left.
You hear a shout! x9; You hear an angry hiss.
Targos's ghost hits you.
* * * LOW HITPOINT WARNING * * *
Items here: ( )) [ a short sword; a whip; 3 tomahawks; a leather armour You hit Targos's ghost but do no damage.
Targos's ghost is severely damaged.
Targos's ghost hits you but does no damage.
You barely miss Targos's ghost. Your kick misses Targos's ghost.
You peck Targos's ghost, but do no damage.
Targos's ghost is severely damaged.
Targos's ghost hits you!
You die...

... #######
... #..(..#
.... #.....#
.... #.@)..#
#..## #.W...#
..'.###.....#
#..##.....#
#)().....#
####.....#
##'#### #.#
.#


You could see Targos's ghost.

Vanquished Creatures
  Pikel (D:4)
  A hippogriff (D:9)
  Sigmund (D:3)
  Eustachio (D:5)
  The ghost of Chisa the Bolt Thrower, an amateur DsHu (D:3)
  A hungry ghost (D:9)
  Menkaure (D:5)
  A black bear (D:8)
  A sky beast (D:6)
  An ice beast (D:6)
  4 centaurs
  3 bullfrogs
  A big kobold (D:9)
  2 scorpions
  5 killer bees (D:9)
  2 crimson imps
  A hound (D:6)
  2 jellies
  7 orc priests
  2 iguanas
  5 orc wizards
  9 worker ants
  A hound skeleton (D:8)
  9 adders
  4 gnolls (D:7)
  A shadow imp (D:9)
  2 oozes (D:1)
  A worm (D:3)
  4 dart slugs
  4 leopard geckos
  20 orcs
  3 bats
  12 giant cockroaches
  6 goblins
  12 hobgoblins
  8 quokkas
  A ball python (D:1)
  4 frilled lizards
  8 kobolds
  A leopard gecko skeleton (D:4)
  5 rats
159 creatures vanquished.

Vanquished Creatures (others)
  An orc wizard (D:4)
  A worker ant (D:4)
  A leopard gecko (D:4)
  2 orcs (D:4)
  A giant cockroach (D:4)
  2 quokkas (D:4)
8 creatures vanquished.

Grand Total: 167 creatures vanquished

Notes
Turn   | Place    | Note
-------+----------+-------------------------------------------
     0 | D:1      | Gremour the Tengu Conjurer began the quest for the Orb.
     0 | D:1      | Reached XP level 1. HP: 10/10 MP: 4/4
   129 | D:1      | Reached XP level 2. HP: 15/15 MP: 4/6
   349 | D:1      | Reached skill level 6 in Conjurations
   349 | D:1      | Reached XP level 3. HP: 12/20 MP: 0/7
   964 | D:1      | Found a snail-covered altar of Cheibriados.
  1055 | D:2      | Reached skill level 1 in Fighting
  1217 | D:2      | Found a blossoming altar of Fedhas.
  1339 | D:2      | Reached XP level 4. HP: 19/25 MP: 5/8
  1637 | D:2      | Found a faded altar of an unknown god.
  1964 | D:3      | Noticed Sigmund
  2016 | D:4      | Got a fine ring mail
  2028 | D:4      | Identified the +1 ring mail of Egalitarianism {*Drain MR+ Str+3 Dex+2} (You found it on level 4 of the Dungeon)
  2232 | D:4      | Noticed a slave
  2232 | D:4      | Noticed Pikel
  2289 | D:4      | Noticed a slave
  2307 | D:4      | Killed Pikel
  2307 | D:4      | Gained mutation: You can fly. [Tengu growth]
  2307 | D:4      | Reached XP level 5. HP: 20/31 MP: 0/10
  2307 | D:4      | Reached XP level 6. HP: 24/36 MP: 0/11
  2307 | D:4      | Reached XP level 7. HP: 26/40 MP: 0/12
  2502 | D:4      | Found a staircase to the Ecumenical Temple.
  2519 | Temple   | Entered the Ecumenical Temple
  2712 | Temple   | Became a worshipper of Uskayaw the Reveler
  2755 | D:4      | Reached * piety under Uskayaw
  3143 | D:5      | Entered Level 5 of the Dungeon
  3258 | D:4      | Reached ** piety under Uskayaw
  3591 | D:3      | Noticed Chisa's ghost (amateur DsHu)
  3618 | D:3      | Reached *** piety under Uskayaw
  3619 | D:3      | Killed Sigmund
  3619 | D:3      | Reached skill level 7 in Conjurations
  3710 | D:3      | Killed Chisa's ghost
  3710 | D:3      | Reached XP level 8. HP: 41/45 MP: 3/13
  3866 | D:3      | Learned a level 4 spell: Iskenderun's Mystic Blast
  4324 | D:5      | Noticed Eustachio
  4326 | D:5      | Noticed Menkaure
  4432 | D:5      | Gained mutation: You are partially covered in large bone plates. (SH +4) [potion of mutation]
  4432 | D:5      | Gained mutation: You are partially covered in rugged brown scales. (AC +1, +3% HP) [potion of mutation]
  4432 | D:5      | Gained mutation: You are weak. (Str -2) [potion of mutation]
  4432 | D:5      | Gained mutation: You are partially covered in iridescent scales. (AC +2) [potion of mutation]
  4707 | D:5      | Killed Eustachio
  4719 | D:5      | Killed Menkaure
  4719 | D:5      | Reached skill level 1 in Maces & Flails
  4903 | D:5      | Reached skill level 1 in Invocations
  5094 | D:6      | Reached skill level 5 in Stealth
  5112 | D:6      | Found a shattered altar of Ashenzari.
  5312 | D:6      | Reached XP level 9. HP: 30/53 MP: 11/15
  5315 | D:6      | Reached skill level 5 in Dodging
  5316 | D:6      | Reached **** piety under Uskayaw
  5318 | D:6      | Reached skill level 5 in Armour
  5320 | D:6      | Reached ***** piety under Uskayaw
  6313 | D:7      | Reached skill level 5 in Short Blades
  6898 | D:8      | Learned a level 1 spell: Magic Dart
  6921 | D:8      | Got a scorched mace
  6922 | D:8      | Identified the +5 mace of Qeissuic {holy, rElec} (You found it on level 8 of the Dungeon)
  7435 | D:9      | Learned a level 3 spell: Dazzling Spray
  7471 | D:9      | Reached skill level 1 in Unarmed Combat
  7664 | D:9      | Found a radiant altar of Vehumet.
  7670 | D:9      | Found a shadowy altar of Dithmenos.
  7674 | D:9      | Fell from the grace of Uskayaw
  7674 | D:9      | Became a worshipper of Dithmenos the Shadowed
  7678 | D:9      | Found a stormy altar of Qazlal.
  7822 | D:9      | Reached XP level 10. HP: 39/59 MP: 11/16
  8308 | D:9      | Noticed Targos's ghost (novice HuAK)
  8340 | D:9      | Mangled by Targos's ghost

Skill      XL: |  1  2  3  4  5  6  7  8  9 10 |
---------------+-------------------------------+-----
Conjurations   | 6 7 |  7.4
Fighting       | 1 2 4 |  4.6
Short Blades   | 3 4 6 |  6.3
Armour         | 2 3 4 6 |  6.4
Dodging        | 3 4 6 |  6.2
Stealth        | 3 4 5 |  5.9
Spellcasting   | 3 |  3.8
Maces & Flails | 1 |  1.3
Invocations    | 1 2 |  2.2
Unarmed Combat | 1 2 |  2.0

Action                   |  1- 3 |  4- 6 |  7- 9 | 10-12 || total
-------------------------+-------+-------+-------+-------++-------
Melee: Unarmed           |    13 |       |       |       ||    13
       Kick              |     4 |    14 |    89 |    31 ||   138
       Peck              |     4 |     3 |    46 |    15 ||    68
       Short sword       |    14 |    40 |    42 |       ||    96
       Dagger            |       |       |   151 |    34 ||   185
       Flail             |       |       |     8 |     3 ||    11
       Rapier            |       |       |    78 |    39 ||   117
       Shortbow          |       |       |    12 |       ||    12
 Fire: Shortbow          |       |       |    33 |       ||    33
 Cast: Magic Dart        |    61 |    24 |   111 |       ||   196
       Iskenderun's Myst |       |       |     4 |       ||     4
       Dazzling Spray    |       |       |     1 |       ||     1
Invok: Line Pass         |       |       |     3 |       ||     3
       Stomp             |       |       |     1 |       ||     1
 Abil: Fly               |       |       |     3 |       ||     3
Evoke: Wand              |       |       |       |     2 ||     2
  Use: Potion            |       |     5 |    10 |     3 ||    18
       Scroll            |       |     1 |    24 |     1 ||    26
 Stab: Sleeping          |       |     4 |    16 |       ||    20
       Distracted        |       |       |     2 |       ||     2
       Paralysed         |       |       |     5 |       ||     5
       Confused          |       |       |     1 |       ||     1
  Eat: Chunk             |     2 |     3 |    10 |     9 ||    24
       Meat ration       |       |       |     1 |       ||     1
       Royal jelly       |       |       |     1 |       ||     1
       Fruit             |       |       |     2 |       ||     2
       Bread ration      |       |       |     1 |       ||     1
Armor: Robe              |     3 |     4 |       |       ||     7
       Ring mail         |       |     7 |   146 |    31 ||   184
Dodge: Dodged            |    28 |    21 |   226 |    48 ||   323
Block: Other             |       |       |    73 |    12 ||    85
